 Dungeon Crawl Stone Soup version 0.29.1-12-g30fa7ad0bf (webtiles) character file.

Game seed: 8203484466257452544

348 KittyFluff the Covered (level 6, 0/39 HPs)
             Began as a Gargoyle Berserker on Jan 15, 2023.
             Was a Believer of Trog.
             Slain by a jackal (1 damage)
             ... on level 5 of the Dungeon.
             The game lasted 00:15:25 (4639 turns).

KittyFluff the Covered (Gargoyle Berserker)         Turns: 4639, Time: 00:15:29

Health: 0/39       AC: 10    Str: 21    XL:     6   Next: 60%
Magic:  6/6        EV: 12    Int:  7    God:    Trog [**....]
Gold:   264        SH:  0    Dex: 11    Spells: 5/5 levels left

rFire   . . .      SeeInvis .   a - +0 mace
rCold   . . .      Faith    .   (no shield)
rNeg    + . .      Spirit   .   f - +0 leather armour
rPois   ∞          Reflect  .   l - +1 hat
rElec   +          Harm     .   (no cloak)
rCorr   .          Rampage  .   (no gloves)
Will    .....                   v - +0 pair of boots
Stlth   +.........              (no amulet)
HPRegen 0.13/turn               h - ring of flight
MPRegen 0.10/turn               (no ring)

@: weak-willed, on berserk cooldown, flying, slowed, very slow
A: sickness immunity, AC +4, negative energy resistance 1, electricity
resistance, torment resistance 1, petrification resistance
a: Renounce Religion, Berserk, Trog's Hand


You were on level 5 of the Dungeon.
You worshipped Trog.
Trog was pleased with you.
You visited 1 branch of the dungeon, and saw 5 of its levels.

You collected 264 gold pieces.

Inventory:

Hand Weapons
 a - a +0 mace (weapon)
 o - a +0 morningstar of holy wrath
 x - a +0 sling
Missiles
 e - 47 stones (quivered)
 j - 8 javelins
 s - 3 boomerangs
 t - 10 poisoned darts
Armour
 f - a +0 leather armour (worn)
 l - a +1 hat (worn)
 r - a +0 chain mail
 u - a +0 ring mail
 v - a +0 pair of boots (worn)
Jewellery
 g - an amulet of faith
 h - a ring of flight (left hand)
 p - a ring of magical power
Wands
 k - a wand of charming (19)
 q - a wand of roots (14)
 A - a wand of flame (15)
Scrolls
 b - 5 scrolls of identify
 m - 4 scrolls of vulnerability
 n - 2 scrolls of teleportation {unknown}
 w - a scroll of amnesia {unknown}
 y - a scroll of torment {unknown}
Potions
 c - 3 potions of attraction
 d - 2 potions of curing


   Skills:
 + Level 4.6 Fighting
 + Level 4.1 Maces & Flails
 * Level 4.9 Armour
 + Level 2.8 Dodging


You had 5 spell levels left.
You didn't know any spells.
Your spell library was empty.

Dungeon Overview and Level Annotations

Branches:
Dungeon (5/15)
 Temple: D:4-7

Altars:
Zin


Innate Abilities, Weirdness & Mutations

You are immune to sickness and miasma.
Your stone body is resilient. (AC +4)
You are immune to poison.
You resist negative energy. (rN+)
You are resistant to electric shocks. (rElec)
You are resistant to unholy torment.
You are immune to petrification.


Message History

You are exhausted.
You feel yourself slow down. The orc hits you but does no damage.
The jackal bites you but does no damage.
The jackal closely misses you. The jackal completely misses you.
You closely miss the orc.
The orc is almost dead.
The jackal closely misses you.
The jackal bites you but does no damage. x2
The orc hits you but does no damage.
The jackal bites you but does no damage.
The jackal closely misses you.
The jackal bites you but does no damage.
The orc hits you with a +0 trident.
* * * LOW HITPOINT WARNING * * *
As you read the scroll labelled UFYGAL YGIFFA, it crumbles to dust.
Magic quickly surges around you.
It was a scroll of vulnerability.
The jackal bites you.
* * * LOW HITPOINT WARNING * * *
The jackal completely misses you.
The jackal bites you but does no damage.
The orc hits you but does no damage.
The jackal bites you but does no damage.
The jackal misses you.
The jackal bites you but does no damage.
The jackal closely misses you.
As you read the scroll labelled KIRULIYSAE, it crumbles to dust.
The creatures around you are filled with an inner flame!
It was a scroll of immolation.
The jackal bites you but does no damage. x3
The orc misses you. The jackal closely misses you.
The jackal bites you but does no damage.
The jackal barely misses you. The jackal misses you. The orc barely misses you.
The jackal closely misses you. The jackal barely misses you.
As you read the scroll labelled CUDAIMPISE, it crumbles to dust.
Wisps of shadow whirl around you...
It was a scroll of summoning.
The jackal barely misses you. The jackal bites you.
* * * LOW HITPOINT WARNING * * *
The jackal bites you but does no damage.
The jackal bites you.
You die...

##..####
##....##
##....##
##....#
#....#
#....#
#.).######
#.).)....#
#.hh@h...#
#..hhos.....
#....#......
#..>........
#...<...)...
#...........
#...........
#...........


You could see an orc (inner flame, weak-willed), 4 jackals, a friendly scorpion
(summoned) and a friendly hound (summoned).

Vanquished Creatures
  2 orc priests (D:5)
  A hound (D:4)
  2 iguanas
  Ijyb (D:3)
  2 orc wizards
  3 adders
  4 worms
  3 dart slugs
  6 orcs
  6 endoplasms
  9 giant cockroaches
  5 goblins
  8 hobgoblins
  4 jackals (D:4)
  6 quokkas
  8 ball pythons
  3 bats
  2 frilled lizards (D:1)
  4 kobolds
  7 rats
86 creatures vanquished.

Notes
Turn   | Place    | Note
-------+----------+-------------------------------------------
     0 | D:1      | KittyFluff the Gargoyle Berserker began the quest for the
                  | Orb.
     0 | D:1      | Reached XP level 1. HP: 14/14 MP: 1/1
   195 | D:1      | Reached XP level 2. HP: 16/19 MP: 2/2
   343 | D:1      | Found a faded altar of an unknown god.
   894 | D:1      | Reached XP level 3. HP: 20/23 MP: 3/3
  1000 | D:2      | Reached ** piety under Trog
  1744 | D:2      | Found a glowing silver altar of Zin.
  1931 | D:3      | Reached XP level 4. HP: 25/29 MP: 4/4
  1937 | D:3      | Noticed Ijyb
  1953 | D:3      | HP: 2/43 [constriction (5)]
  1955 | D:3      | Killed Ijyb
  2661 | D:3      | Reached XP level 5. HP: 33/33 MP: 5/5
  3821 | D:4      | Reached XP level 6. HP: 39/39 MP: 6/6
  4294 | D:5      | Entered Level 5 of the Dungeon
  4637 | D:5      | HP: 1/39 [jackal (1)]
  4639 | D:5      | Slain by a jackal

Illustrated notes

Levels and vault maps discovered:
D:1:      minmay_arrival_checkered_box, layout_loops_ring,
          ebering_ecumenical_altar_webs
D:2:      layout_loops_ring, basic_altar
D:3:      layout_loops_corners, uniq_ijyb
D:4:      layout_loops_cross, kennysheep_generic_room_11
D:5:      kennysheep_six_static_rooms, layout_rooms

Skill      XL: |  1  2  3  4  5  6 |
---------------+-------------------+-----
Armour         | 3 4 |  4.9
Dodging        | 2 |  2.8
Fighting       | 4 |  4.6
Maces & Flails | 4 |  4.1

Action                   |  1- 3 |  4- 6 || total
-------------------------+-------+-------++-------
Melee: Mace              |   128 |   191 ||   319
       Punch             |     2 |     1 ||     3
Invok: Berserk           |       |     3 ||     3
  Use: Scroll            |     2 |     5 ||     7
Armor: Animal skin       |     5 |       ||     5
       Leather armour    |    44 |    96 ||   140
Dodge: Dodged            |    79 |   146 ||   225
